 Dungeon Crawl Stone Soup version 0.30-a0-321-gf7783e6616 (webtiles) character file.

Game seed: 3581662630972946996

45 Jorund the Prestidigitator (level 3, -1/26 HPs)
             Began as a Gnoll Wanderer on Oct 26, 2022.
             Slain by an adder (4 damage)
             ... on level 2 of the Dungeon.
             The game lasted 00:02:16 (1166 turns).

Jorund the Prestidigitator (Gnoll Wanderer)         Turns: 1166, Time: 00:02:16

Health: -1/26      AC:  3    Str: 15    XL:     3   Next: 64%
Magic:  5/7        EV: 11    Int: 13    God:
Gold:   12         SH:  0    Dex:  7    Spells: 6/7 levels left

rFire   . . .      SeeInvis .    a - +0 club
rCold   . . .      Faith    .    (no shield)
rNeg    . . .      Spirit   .    d - +0 leather armour
rPois   .          Reflect  .    (no helmet)
rElec   .          Harm     .    (no cloak)
rCorr   .          Rampage  .    (no gloves)
Will    .....                    (no boots)
Stlth   ++........               (no amulet)
HPRegen 0.24/turn                (no ring)
MPRegen 0.10/turn                (no ring)

@: lethally poisoned (-1 -> -5), attractive, hasted, very quick
A: fangs 1, strong nose, distributed training
a: no special abilities


You were on level 2 of the Dungeon.
You visited 1 branch of the dungeon, and saw 2 of its levels.

You collected 12 gold pieces.

Inventory:

Hand Weapons
 a - a +0 club (weapon)
Armour
 d - a +0 leather armour (worn)
Wands
 e - a wand of mindburst (4)
Scrolls
 b - 2 scrolls of teleportation
 c - 2 scrolls of fear {unknown}
 h - a scroll of immolation {unknown}


   Skills:
 + Level 1.0 Fighting
 + Level 1.0 Short Blades
 + Level 1.0 Long Blades
 + Level 1.0 Axes
 + Level 1.0 Maces & Flails
 + Level 1.0 Polearms
 + Level 1.0 Staves
 + Level 1.0 Ranged Weapons
 + Level 1.0 Throwing
 + Level 2.6 Armour
 + Level 1.0 Dodging
 + Level 4.2 Stealth
 + Level 1.0 Shields
 + Level 1.0 Unarmed Combat
 + Level 2.9 Spellcasting
 + Level 0.7 Conjurations
 + Level 0.7 Hexes
 + Level 2.1 Summonings
 + Level 0.7 Necromancy
 + Level 0.7 Translocations
 + Level 0.7 Transmutations
 + Level 0.7 Fire Magic
 + Level 0.7 Ice Magic
 + Level 0.7 Air Magic
 + Level 0.7 Earth Magic
 + Level 0.7 Poison Magic
 + Level 1.0 Invocations
 + Level 10.4 Evocations


You had 6 spell levels left.
You knew the following spells:

 Your Spells              Type           Power      Damage    Failure   Level
a - Summon Small Mammal   Summ           28%        N/A       12%         1

Your spell library contained the following spells:

 Spells                   Type           Power      Damage    Failure   Level
 Summon Guardian Golem    Hex/Summ       5%         N/A       43%         3


Dungeon Overview and Level Annotations

Branches:
Dungeon (2/15)

Altars:


Innate Abilities, Weirdness & Mutations

You have very sharp teeth.
Your uncanny sense of smell can sniff out nearby items.
Your experience applies equally to all skills.


Message History

You are poisoned.
The adder poisons you! The dart slug bites you.
Casting: Summon Small Mammal (safe; 12% risk of failure)
Confirm with . or Enter, or press ? or * to list all spells.
You don't know that spell.
Casting: Summon Small Mammal (safe; 12% risk of failure)
Confirm with . or Enter, or press ? or * to list all spells.
You feel sick.
Your bat misses the adder. The adder barely misses you.
The dart slug closely misses you.
Unknown command.
You are too injured to fight recklessly!
Unknown command.
You hit the adder.
The adder is heavily wounded.
You feel sick.
Your bat closely misses the adder.
The adder barely misses you. The adder bites you but does no damage.
Unknown command.
Unknown command.
You closely miss the adder.
The adder is heavily wounded.
You feel sick.
You are no longer poisoned.
Your bat closely misses the adder.
Your bat hits the dart slug. The adder bites you.
You are poisoned.
The adder poisons you! The dart slug closely misses you.
Your rat bites the adder but does no damage.
It was a potion of attraction.
You feel attractive to monsters.
You feel sick. The adder bites you.
* * * LOW HITPOINT WARNING * * *
Your bat hits the adder.
The dart slug bites you but does no damage.
Your rat misses the adder. The adder bites you.
* * * LOW HITPOINT WARNING * * *
It was a potion of haste.
You feel yourself speed up.
* * * LOW HITPOINT WARNING * * *
You feel sick.
Your bat completely misses the adder.
Your rat closely misses the adder.
The adder bites you.
You die...

..( .... #....
#####.....
######.........
.....#.........
#...r.......
#.<@Sb.....
#.....w......
#...............
..#####.....<...
# ##....#.##
##.#.# # ∆>#.#
##.#


You could see an adder (ally target), a dart slug, a friendly bat (summoned) and
a friendly rat (summoned).

Vanquished Creatures
  A gnoll (D:1)
  3 dart slugs (D:1)
  4 ball pythons (D:1)
  An endoplasm (D:1)
  A giant cockroach (D:1)
  3 goblins (D:1)
  2 hobgoblins (D:1)
  3 jackals (D:1)
  4 kobolds (D:1)
  2 quokkas (D:1)
  2 rats (D:1)
26 creatures vanquished.

Notes
Turn   | Place    | Note
-------+----------+-------------------------------------------
     0 | D:1      | Reached skill level 10 in Evocations
     0 | D:1      | Jorund the Gnoll Wanderer began the quest for the Orb.
     0 | D:1      | Jorund set off with the following items: a +0 club, a
                  | scroll of teleportation, a potion of curing, a +0 leather
                  | armour, a wand of mindburst (9); and the following spell
                  | memorised: Summon Small Mammal; and the following spells
                  | available to memorise: Summon Guardian Golem.
     0 | D:1      | Reached XP level 1. HP: 13/13 MP: 4/4
    79 | D:1      | Reached XP level 2. HP: 9/20 MP: 5/5
   441 | D:1      | Reached XP level 3. HP: 25/25 MP: 7/7
   671 | D:1      | Reached skill level 1 in Invocations
   912 | D:1      | Reached skill level 1 in Fighting
   912 | D:1      | Reached skill level 1 in Short Blades
   912 | D:1      | Reached skill level 1 in Long Blades
   912 | D:1      | Reached skill level 1 in Axes
   912 | D:1      | Reached skill level 1 in Maces & Flails
   912 | D:1      | Reached skill level 1 in Polearms
   912 | D:1      | Reached skill level 1 in Staves
   912 | D:1      | Reached skill level 1 in Ranged Weapons
   912 | D:1      | Reached skill level 1 in Throwing
   912 | D:1      | Reached skill level 1 in Dodging
   912 | D:1      | Reached skill level 1 in Shields
   912 | D:1      | Reached skill level 1 in Unarmed Combat
  1166 | D:2      | Slain by an adder

Illustrated notes

Levels and vault maps discovered:
D:1:      spicycebolla_arrival_ecumenical, layout_basic, nicolae_hexahallways
D:2:      layout_rooms, minmay_pentomino_x2

Skill      XL: |  1  2  3 |
---------------+----------+-----
Evocations     | | 10.4
Summonings     | 2 |  2.1
Invocations    | 1 |  1.0
Fighting       | 1 |  1.0
Short Blades   | 1 |  1.0
Long Blades    | 1 |  1.0
Axes           | 1 |  1.0
Maces & Flails | 1 |  1.0
Polearms       | 1 |  1.0
Staves         | 1 |  1.0
Ranged Weapons | 1 |  1.0
Throwing       | 1 |  1.0
Dodging        | 1 |  1.0
Shields        | 1 |  1.0
Unarmed Combat | 1 |  1.0
Armour         | |  2.6
Stealth        | |  4.2
Spellcasting   | |  2.9
Conjurations   | |  0.7
Hexes          | |  0.7
Necromancy     | |  0.7
Translocations | |  0.7
Transmutations | |  0.7
Fire Magic     | |  0.7
Ice Magic      | |  0.7
Air Magic      | |  0.7
Earth Magic    | |  0.7
Poison Magic   | |  0.7

Action                   || total
-------------------------++-------
Melee: Club              ||   119
       Bite              ||     8
       Punch             ||     1
 Cast: Summon Small Mamm ||     3
Evoke: Wand              ||     5
  Use: Potion            ||     3
 Stab: Sleeping          ||     2
Armor: Leather armour    ||    38
Dodge: Dodged            ||    85

Table legend: (Time is in decaauts)
 A = Elapsed time spent in this place.
 B = Non-inter-level travel time spent in this place.
 C = Inter-level travel time spent in this place.
 D = Time resting spent in this place.
 E = Time spent auto-exploring this place.
 F = Levels seen in this place.
 G = Mean time per level.
                   A        B        C        D        E       F      G
               +--------+--------+--------+--------+--------+-----+--------+
         Total |   1198 |   1151 |     47 |    213 |    706 |   2 |  599.0 |
       Dungeon |   1198 |   1151 |     47 |    213 |    706 |   2 |  599.0 |
               +--------+--------+--------+--------+--------+-----+--------+

Top non-repeatable levels by time:
     D:1: 1181 daAuts
     D:2: 17 daAuts
